 Dungeon Crawl Stone Soup version 0.23-a0-378-gd7a6ca6 (console) character file.

30 bli the Poker (level 3, 0/29 HPs)
             Began as a Merfolk Monk on Oct 27, 2018.
             Hit by a goblin thrown by Robin (2 damage)
             ... on level 2 of the Dungeon.
             The game lasted 00:02:58 (1009 turns).

bli the Poker (Merfolk Monk)                        Turns: 1009, Time: 00:02:59

Health: 0/29       AC:  2    Str: 11    XL:     3   Next: 18%
Magic:  3/3        EV: 14    Int:  9    God:
Gold:   58         SH:  0    Dex: 17    Spells: 2/2 levels left

rFire    . . .     SeeInvis .   a - +0 spear
rCold    . . .     Gourm    +   (no shield)
rNeg     . . .     Faith    .   b - +0 robe
rPois    .         Spirit   .   (no helmet)
rElec    .         Reflect  .   (no cloak)
rCorr    .         Harm     .   (no gloves)
MR       .....                  (no boots)
Stlth    ++........             n - amulet of the gourmand
HPRegen  0.09/turn              (no ring)
MPRegen  0.08/turn              (no ring)

@: no status effects
A: change form in water, swift swim, stealthy swim
a: no special abilities


You were on level 2 of the Dungeon.
You were not hungry.

You visited 1 branch of the dungeon, and saw 2 of its levels.

You collected 58 gold pieces.

Inventory:

Hand Weapons
 a - a +0 spear (weapon)
 g - a +1 short sword of flaming
Missiles
 h - 2 stones (quivered)
 i - 39 arrows
 j - 7 javelins
Armour
 b - a +0 robe (worn)
Jewellery
 n - an amulet of the gourmand (around neck)
Scrolls
 d - a scroll of immolation {unknown}
 l - a scroll of remove curse {unknown}
 o - a scroll of fear {unknown}
Potions
 e - a potion of haste
 k - a potion of brilliance {unknown}
 m - 3 potions of curing {unknown}
Comestibles
 c - 4 rations
 f - 2 chunks of flesh


   Skills:
 - Level 3.2 Fighting
 * Level 6.2 Polearms
 - Level 4.0 Dodging
 - Level 2.1 Stealth


You had 2 spell levels left.
You didn't know any spells.
Your spell library was empty.

Dungeon Overview and Level Annotations

Branches:
Dungeon (2/15)

Altars:

Annotations:
D:2 Jessica, Robin


Message History

Robin throws the goblin at you!
You closely miss the goblin. The goblin hits you.
Robin throws the goblin at The goblin hits you with a +0 club.
The goblin hits you.
You hit the goblin.
The goblin is heavily wounded.
Robin throws the goblin at you! The goblin closely misses you.
The goblin hits you with a runed dagger!
* * * LOW HITPOINT WARNING * * *
The goblin hits you but does no damage. The goblin closely misses you.
Found 4 gold pieces and 20 bolts.
You barely miss the goblin. The goblin closely misses you.
The goblin hits you The goblin closely misses you.
The goblin completely misses you.
The goblin The goblin closely misses you. x2; The goblin hits you.
* * * LOW HITPOINT WARNING * * *
You closely miss the goblin. The goblin misses you.
The goblin closely misses An adder comes into view.
Robin hits you with a +3 falchion.
* * * LOW HITPOINT WARNING * * *
Robin throws the goblin at you!
You die...

.....##.#... #.....÷..##
#...##.#.## #..######.# #..<
#..... ..
#...$.(...#.#...####.##
..#.........#............
..#.....[...#####..###.## .
......................# #.
#........#######.###.# #..
#..%.....# #..##.# .g
#...g.@..# ##.##.#
####.####..ggg.g.########..#.#
.)...........g...#.....###.#.#
......%....#g#####.....# #.#.#
########..)..÷...#.....# #...#
#..#######.......####..##
#.###oJo###......#....... #.
#.oo@.##......#+##))##
#.#..o....#..............
#.#.≈...≈.#.#..........##
#.#.......#..............


You could see Robin, 2 orcs and 6 goblins.

Vanquished Creatures
  A worm (D:2)
  2 bats (D:1)
  2 giant cockroaches
  3 goblins
  3 hobgoblins
  4 jackals (D:1)
  2 frilled lizards
  3 kobolds (D:1)
  5 rats
25 creatures vanquished.

Notes
Turn   | Place    | Note
-------+----------+-------------------------------------------
     0 | D:1      | bli the Merfolk Monk began the quest for the Orb.
     0 | D:1      | Reached XP level 1. HP: 18/18 MP: 1/1
   193 | D:1      | Reached skill level 5 in Polearms
   202 | D:1      | Reached XP level 2. HP: 14/24 MP: 2/2
   860 | D:2      | Reached skill level 6 in Polearms
   860 | D:2      | Reached XP level 3. HP: 24/29 MP: 3/3
   985 | D:2      | Noticed Jessica
   995 | D:2      | Noticed Robin
  1009 | D:2      | Hit by a goblin thrown by Robin

Vault maps used:
D:1:      psy_arrival_radial02
D:2:      cheibrodos_pilgrimage, old_standard_altar, zin_treasury, uniq_robin,
          uniq_jessica

Skill      XL: |  1  2 |
---------------+-------+-----
Polearms       | 5 6 |  6.2
Fighting       | |  3.2
Dodging        | |  4.0
Stealth        | |  2.1

Action                   || total
-------------------------++-------
Melee: Spear             ||    88
 Stab: Sleeping          ||     4
  Eat: Chunk             ||     8
Armor: Robe              ||    16
Dodge: Dodged            ||    51

Table legend:
 A = Non-vault XP
 B = Vault XP
 C = Vault XP percentage of total XP
 D = Non-vault monster count
 E = Vault monster count
 F = Vault count percentage of total count
                 A         B        C        D         E       F
            +---------+---------+-------+---------+---------+-------
      Total |      41 |       2 |   4.7 |      24 |       1 |   4.0
            +---------+---------+-------+---------+---------+-------
        D:1 |      27 |       0 |   0.0 |      16 |       0 |   0.0
        D:2 |      14 |       2 |  12.5 |       8 |       1 |  11.1
            +---------+---------+-------+---------+---------+-------
